 Dungeon Crawl Stone Soup version 0.22-a0-512-g0943f25562 (webtiles) character file.

2459 Foic the Blocker (level 9, -3/74 HPs)
             Began as a Hill Orc Abyssal Knight on June 18, 2018.
             Was an Elder of Lugonu.
             Shot with a sling bullet by Joseph (7 damage)
             ... on level 6 of the Dungeon.
             The game lasted 00:34:48 (9172 turns).

Foic the Blocker (Hill Orc Abyssal Knight)          Turns: 9172, Time: 00:34:49

Health: -3/74      AC: 11    Str: 18    XL:     9   Next: 50%
Magic:  0/11       EV:  6    Int: 12    God:    Lugonu [****..]
Gold:   381        SH: 10    Dex: 10    Spells: 8/8 levels left

rFire    x . .     SeeInvis +   b - +0 war axe
rCold    + + +     Gourm    .   f - +2 shield
rNeg     . . .     Faith    .   t - +0 ice dragon scales
rPois    .         Spirit   +   (no helmet)
rElec    .         Reflect  .   l - scarf {Spirit}
rCorr    .         Harm     .   u - +0 pair of gloves
MR       +....                  y - +0 pair of boots
Stlth    ..........             (no amulet)
HPRegen  0.22/turn              i - ring of see invisible
MPRegen  0.12/turn              h - ring of protection from cold

@: extremely drained
A: cold resistance 1, magic resistance 1, screaming 1
a: Depart the Abyss, Bend Space, Banish, Corrupt, Renounce Religion


You were on level 6 of the Dungeon.
You worshipped Lugonu.
Lugonu was greatly pleased with you.
You were not hungry.

You visited 1 branch of the dungeon, and saw 7 of its levels.
You visited the Abyss 1 time.

You collected 381 gold pieces.

Inventory:

Hand Weapons
 a - a +1 hand axe
 b - a +0 war axe (weapon)
 j - a +2 mace of crushing
Missiles
 k - 234 stones
 q - 8 tomahawks (quivered)
 F - 8 javelins
Armour
 f - a +2 shield (worn)
 l - a scarf of spirit shield (worn)
 p - a +0 large shield
 t - +0 ice dragon scales (worn)
 u - a +0 pair of gloves (worn)
 x - a +0 chain mail
 y - a +0 pair of boots (worn)
 J - a cursed +0 plate armour
Jewellery
 h - a ring of protection from cold (right hand)
 i - a ring of see invisible (left hand)
 H - an uncursed ring of flight
Wands
 B - a wand of flame (28)
Scrolls
 e - 3 scrolls of teleportation
 g - 6 scrolls of identify
 n - a scroll of blinking {unknown}
 o - a scroll of magic mapping
 r - 6 scrolls of remove curse
 s - 4 scrolls of amnesia {unknown}
 v - a scroll of random uselessness {unknown}
 w - 2 scrolls of enchant weapon {unknown}
 z - 3 scrolls of fog {unknown}
 A - a scroll of enchant armour {unknown}
 D - a scroll of vulnerability {unknown}
Potions
 m - a potion of flight
 C - 2 potions of cancellation
 I - a potion of brilliance
Comestibles
 c - 10 rations
 E - 5 chunks of flesh


   Skills:
 + Level 5.6(0.0) Fighting
 + Level 9.3(2.8) Axes
 + Level 4.8(0.0) Armour
 - Level 0.7(0.0) Dodging
 * Level 9.7(3.1) Shields
 + Level 2.6(0.0) Invocations


You had 8 spell levels left.
You didn't know any spells.
Your spell library was empty.

Dungeon Overview and Level Annotations

Branches:
Dungeon (7/15)             Temple (0/1) D:4

Altars:
Gozag
Makhleb

Annotations:
D:4 3 runed doors, gouglew's ghost, amateur TrMo
D:6 Joseph


Innate Abilities, Weirdness & Mutations

Your flesh is cold resistant. (rC+)
You are resistant to hostile enchantments. (MR+)
You occasionally shout uncontrollably at your foes.


Message History

Aiming: Throw Flame
Press: ? - help, Shift-Dir - straight line, f/p - Joseph
Aim: Joseph, wielding a quarterstaff of draining and wearing a ring mail (severely wounded)
The puff of flame hits Joseph.
Joseph is almost dead.
Joseph hits you with an uncursed quarterstaff of draining!
* * * LOW HITPOINT WARNING * * *
You feel drained.
* * * LOW HITPOINT WARNING * * *
Unknown command.
You feel better.
Joseph hits you with an uncursed quarterstaff of draining!
* * * LOW HITPOINT WARNING * * *
You feel drained.
* * * LOW HITPOINT WARNING * * *
Joseph says, "I'm happy to see you. And I'll be happy to kill you."
Joseph unwields an uncursed quarterstaff of draining.
Joseph wields an uncursed hunting sling of flaming.
It bursts into flame!
Joseph shoots a sling bullet.
The sling bullet hits you!
You die...

# #.# #######.# #
#.# #.......# #
#.# #.#######
######.## #.#####
........####.....#
...............#.#
.#####..####...#@#
.# #....###.##>#
.# ##.#.###.##@#
## #.#.##...#[# ##
#.#.##...#.#
.######.#.##...#.#
..........####.#.#
.########## #.#.#
.# #.#.# .#
###########.#.# .#
#.............#


You could see Joseph.

Vanquished Creatures
  2 orc warriors (D:6)
  A necrophage (D:5)
  An ogre (D:6)
  2 phantoms
  2 centaurs (D:6)
  A bullfrog (D:6)
  A water moccasin zombie (D:5)
  3 scorpions
  5 killer bees (D:6)
  4 howler monkeys
  3 crimson imps (D:5)
  4 hounds
  A jelly (D:6)
  5 orc priests
  2 bullfrog skeletons
  Natasha (twice) (D:3)
  An iguana (D:5)
  6 orc wizards
  5 worker ants
  A killer bee zombie (D:7)
  A hound skeleton (D:5)
  8 adders
  4 gnolls
  A howler monkey skeleton (D:7)
  2 shadow imps
  An adder skeleton (D:6)
  An adder zombie (D:5)
  3 worms
  3 dart slugs
  A leopard gecko (D:4)
  27 orcs
  4 giant cockroaches
  10 goblins
  9 hobgoblins
  7 jackals (D:3)
  6 kobolds
  3 quokkas
  3 ball pythons
  10 bats
  9 frilled lizards
  A giant cockroach zombie (D:5)
  6 rats
172 creatures vanquished.

Notes
Turn   | Place    | Note
-------+----------+-------------------------------------------
     0 | Abyss:1  | Foic the Hill Orc Abyssal Knight began the quest for the Orb.
     0 | Abyss:1  | Reached XP level 1. HP: 19/19 MP: 2/2
   122 | Abyss:1  | Noticed a thrashing horror
   123 | D:1      | Escaped the Abyss
   448 | D:1      | Reached * piety under Lugonu
   489 | D:1      | Reached XP level 2. HP: 22/27 MP: 3/3
   737 | D:1      | Reached skill level 1 in Shields
   962 | D:1      | Reached XP level 3. HP: 33/33 MP: 4/4
  1253 | D:2      | Reached XP level 4. HP: 9/40 MP: 5/5
  2136 | D:3      | Reached ** piety under Lugonu
  2276 | D:3      | Noticed Natasha
  2283 | D:3      | Killed Natasha
  2283 | D:3      | Reached XP level 5. HP: 35/46 MP: 4/6
  2507 | D:3      | Noticed Natasha
  2551 | D:3      | Killed Natasha
  2932 | D:3      | Found an opulent altar of Gozag.
  3175 | D:3      | Reached XP level 6. HP: 52/52 MP: 7/7
  3856 | D:4      | Reached *** piety under Lugonu
  3974 | D:4      | Reached skill level 5 in Shields
  4092 | D:4      | Found a runed gate.
  4094 | D:4      | Found a runed gate.
  4094 | D:4      | Noticed gouglew's ghost (amateur TrMo)
  4095 | D:4      | Found a runed gate.
  4205 | D:4      | Found a staircase to the Ecumenical Temple.
  4215 | D:4      | Reached skill level 5 in Axes
  4255 | D:4      | Reached XP level 7. HP: 43/60 MP: 5/8
  4996 | D:5      | Entered Level 5 of the Dungeon
  5165 | D:5      | Reached XP level 8. HP: 66/67 MP: 9/9
  5238 | D:5      | Reached **** piety under Lugonu
  6555 | D:5      | Reached skill level 5 in Fighting
  6918 | D:6      | Found a burning altar of Makhleb.
  6924 | D:6      | Gained mutation: You occasionally shout uncontrollably at your foes. [potion of mutation]
  6924 | D:6      | Gained mutation: Your flesh is cold resistant. (rC+) [potion of mutation]
  6924 | D:6      | Gained mutation: You are resistant to hostile enchantments. (MR+) [potion of mutation]
  7598 | D:7      | Reached XP level 9. HP: 71/74 MP: 8/10
  8211 | D:7      | Noticed Joseph
  9171 | D:6      | HP: 3/74 [Joseph/uncursed quarterstaff of draining (2)]
  9172 | D:6      | Shot with a sling bullet by Joseph

Vault maps used:
D:1:      ncdulo_halloftheorcs, minmay_misc_feat_columns, minmay_heptomino_l4
D:3:      minmay_diamond_boxcup, old_standard_altar, uniq_natasha
D:4:      minmay_temple_entry_mist, first_ration, gammafunk_ghost_split,
          kennysheep_generic_room_6
D:6:      makhleb_heckhound_becter
D:7:      uniq_joseph

Skill      XL: |  1  2  3  4  5  6  7  8  9 |
---------------+----------------------------+-----
Fighting       | 4 5 |  5.6
Axes           | 3 4 5 6 8 9 |  9.3
Shields        | 1 2 3 4 5 6 8 9 |  9.7
Armour         | 3 4 |  4.8
Dodging        | |  0.7
Invocations    | |  2.6

Action                   |  1- 3 |  4- 6 |  7- 9 || total
-------------------------+-------+-------+-------++-------
Melee: Hand axe          |    60 |   243 |       ||   303
       Mace              |    33 |   110 |       ||   143
       War axe           |       |       |   496 ||   496
Throw: Stone             |       |       |    19 ||    19
       Tomahawk          |       |       |     1 ||     1
Invok: Depart the Abyss  |     1 |       |       ||     1
       Bend Space        |       |       |     1 ||     1
Evoke: Wand              |       |       |     5 ||     5
  Use: Potion            |     3 |     3 |     8 ||    14
       Scroll            |     3 |     4 |     3 ||    10
  Eat: Chunk             |     1 |     8 |    10 ||    19
       Ration            |       |     1 |     2 ||     3
Armor: Leather armour    |    29 |     7 |       ||    36
       Ice dragon scales |       |   136 |   212 ||   348
Dodge: Dodged            |    30 |    51 |   120 ||   201
Block: Shield            |    54 |    36 |   107 ||   197
       Large shield      |       |   252 |   312 ||   564

Table legend:
 A = Spawn XP
 B = Non-spawn XP
 C = Spawn XP percentage of total XP
 D = Spawn monster count
 E = Non-spawn monster count
 F = Spawn count percentage of total count
 G = Total turns spent on level
                    A         B        C        D         E        F      G
               +---------+---------+-------+---------+---------+-------+---------
         Total |       0 |    3513 |   0.0 |       0 |     172 |   0.0 |  9172
               +---------+---------+-------+---------+---------+-------+---------
           D:1 |       0 |      51 |   0.0 |       0 |      22 |   0.0 |  1215
           D:2 |       0 |      95 |   0.0 |       0 |      20 |   0.0 |   648
           D:3 |       0 |     189 |   0.0 |       0 |      40 |   0.0 |  1501
           D:4 |       0 |     646 |   0.0 |       0 |      33 |   0.0 |  1803
           D:5 |       0 |     853 |   0.0 |       0 |      26 |   0.0 |  1379
           D:6 |       0 |    1503 |   0.0 |       0 |      25 |   0.0 |  2264
           D:7 |       0 |     176 |   0.0 |       0 |       6 |   0.0 |   239
               +---------+---------+-------+---------+---------+-------+---------
